 Dungeon Crawl Stone Soup version 0.18.1-48-g4cf74bf (webtiles) character file.

276860 hairmachine the Ruinous (level 20, -3/109 HPs)
             Began as a Gargoyle Fire Elementalist on July 23, 2016.
             Was the Champion of Sif Muna.
             Killed by divine providence
             ... invoked by a smoke demon
              (16 damage)
             ... on level 3 of the Abyss on July 25, 2016.
             The game lasted 05:59:06 (61960 turns).

hairmachine the Ruinous (GrFE)                     Turns: 61960, Time: 05:59:07

Health: -3/109     AC: 32    Str:  8 (9)  XL:     20   Next: 38%
Magic:  17/45      EV: 11    Int: 28      God:    Sif Muna [******]
Gold:   1920       SH:  7    Dex: 10      Spells: 10 memorised, 3 levels left

rFire  . . .     SeeInvis +     I - staff of power
rCold  + . .     Gourm    +     N - +3 leather armour "Yprod" {rPois rC+ Int+6}
rNeg   + . .     Faith    .     t - +2 buckler
rPois  ∞         Spirit   .     e - +2 helmet
rElec  +         Dismiss  .     z - +2 cloak
rCorr  .         Reflect  .     x - +1 pair of gloves
SustAt .         Harm     .     h - +1 pair of boots of Xopuf {Dex+4}
MR     +....                    p - amulet of the gourmand
Stlth  ++........               y - ring of wizardry
                                R - ring of see invisible

@: flying, starving, somewhat resistant to hostile enchantments, unstealthy
A: big wings, clumsy 2, deterioration 1, dopey 2, low mp 2, negative energy
resistance 1, screaming 3, electricity resistance, weak 1, unbreathing,
petrification resistance, no device heal 2, rot immunity, MP-powered wands, AC
+15
a: Stop Flying, Channel Energy, Forget Spell, Renounce Religion
}: 2/15 runes: decaying, gossamer


You were on level 3 of the Abyss.
You worshipped Sif Muna.
Sif Muna was exalted by your worship.
You were starving.

You visited 6 branches of the dungeon, and saw 34 of its levels.
You visited the Abyss 1 time.

You collected 3165 gold pieces.
You spent 1245 gold pieces at shops.

Inventory:

Missiles
 M - 24 bolts
Armour
 e - a +2 helmet (worn)
 h - the +1 pair of boots of Xopuf (worn) {Dex+4}
   (You found it on level 8 of the Lair of Beasts)

   It affects your dexterity (+4).
 t - a +2 buckler (worn)
 x - a +1 pair of gloves (worn)
 z - a +2 cloak (worn)
 N - the +3 leather armour "Yprod" (worn) {rPois rC+ Int+6}
   (You found it on level 3 of the Lair of Beasts)

   It affects your intelligence (+6).
   It protects you from cold.
   It protects you from poison.
Magical Staves
 I - an uncursed staff of power (weapon)
Rods
 W - a +3 rod of shadows (12/12)
   (You found it on level 4 of the Spider Nest)
Jewellery
 o - an uncursed ring of magical power
 p - an amulet of the gourmand (around neck)
 y - a ring of wizardry (right hand)
 C - an uncursed ring of fire
 R - a ring of see invisible (left hand)
Wands
 a - a wand of disintegration (7/24)
 B - a wand of teleportation (0/9)
 G - a wand of heal wounds (1/9)
Scrolls
 b - 7 scrolls of remove curse
 g - 5 scrolls of teleportation
 n - a scroll of magic mapping
 u - 2 scrolls of recharging
 E - 4 scrolls of fear
 F - 7 scrolls of enchant armour
 J - 13 scrolls of identify
 U - 3 scrolls of holy word
 X - 2 scrolls of acquirement
 Y - 3 scrolls of amnesia
Potions
 d - 6 potions of agility
 k - 3 potions of brilliance
 m - 5 potions of lignification
 r - 3 potions of ambrosia
 s - 17 potions of curing
 v - 4 potions of berserk rage {unknown}
 H - 2 potions of haste
 K - a potion of cure mutation {unknown}
 L - 4 potions of resistance
 T - a potion of heal wounds
 V - a potion of invisibility
Books
 j - Sif Muna's Disquisition on Boosting Displacement
   (Sif Muna gifted it to you on level 14 of the Dungeon)

   Spells                             Type                      Level
   a - Infusion                       Charms                       1
   b - Shroud of Golubria             Charms/Translocation         2
   c - Passage of Golubria            Translocation                4
   d - Malign Gateway                 Summoning/Translocation      7
   e - Disjunction                    Translocation                8
 q - a book of the Dragon

   Spells                             Type                      Level
   a - Flame Tongue                   Conjuration/Fire             1
   b - Cause Fear                     Hexes                        4
   c - Bolt of Fire                   Conjuration/Fire             6
   d - Dragon Form                    Transmutation                7
   e - Dragon's Call                  Summoning                    9
 w - a book of Power

   Spells                             Type                      Level
   a - Fulminant Prism                Conjuration/Hexes            4
   b - Iskenderun's Mystic Blast      Conjuration                  4
   c - Venom Bolt                     Conjuration/Poison           5
   d - Bolt of Magma                  Conjuration/Fire/Earth       5
   e - Iron Shot                      Conjuration/Earth            6
   f - Orb of Destruction             Conjuration                  7
   g - Spellforged Servitor           Conjuration/Summoning        7
 A - Sif Muna's Tome of Shape Shifting and Arcane Weapons
   (Sif Muna gifted it to you on level 2 of the Swamp)

   Spells                             Type                      Level
   a - Throw Frost                    Conjuration/Ice              2
   b - Conjure Ball Lightning         Conjuration/Air              6
   c - Orb of Destruction             Conjuration                  7
 D - a book of Fire

   Spells                             Type                      Level
   a - Ignite Poison                  Fire/Transmutation/Poison    3
   b - Fireball                       Conjuration/Fire             5
   c - Bolt of Fire                   Conjuration/Fire             6
   d - Delayed Fireball               Conjuration/Fire             7
   e - Ring of Flames                 Charms/Fire                  7
 O - a Grand Grimoire

   Spells                             Type                      Level
   a - Monstrous Menagerie            Summoning                    7
   b - Summon Greater Demon           Summoning                    7
   c - Malign Gateway                 Summoning/Translocation      7
   d - Summon Horrible Things         Summoning                    8
 Q - Dabemaon's Papyrus of Darkness and Heat
   (Sif Muna gifted it to you on level 1 of the Spider Nest)

   Spells                             Type                      Level
   a - Flame Tongue                   Conjuration/Fire             1
   b - Animate Dead                   Necromancy                   4
   c - Control Undead                 Necromancy                   4
   d - Bolt of Draining               Conjuration/Necromancy       5
   e - Agony                          Necromancy                   5
   f - Bolt of Fire                   Conjuration/Fire             6
 Z - Sif Muna's Disquisition on Torrid Translocation
   (Sif Muna gifted it to you on level 2 of the Orcish Mines)

   Spells                             Type                      Level
   a - Blink                          Translocation                2
   b - Force Lance                    Conjuration/Translocation    4
   c - Bolt of Magma                  Conjuration/Fire/Earth       5
   d - Controlled Blink               Translocation                8
Comestibles
 c - 16 bread rations
 f - 8 meat rations
 i - 3 slices of pizza
 l - 7 beef jerkies
 P - 36 fruits
 S - 14 royal jellies


   Skills:
 - Level 6.5 Fighting
 - Level 5.4 Armour
 - Level 1.5 Dodging
 - Level 2.1 Stealth
 - Level 7.3 Shields
 - Level 14.0 Spellcasting
 + Level 22.3 Conjurations
 - Level 5.0 Charms
 - Level 1.9 Translocations
 + Level 20.1 Fire Magic


You had 3 spell levels left.
You knew the following spells:

 Your Spells              Type           Power        Failure   Level  Hunger
a - Magic Dart            Conj           ####         0%          1    None
b - Fire Storm            Conj/Fire      #######...   21%         9    #######
c - Bolt of Fire          Conj/Fire      #######...   1%          6    ####...
d - Sticky Flame          Conj/Fire      #######.     0%          4    None
e - Fireball              Conj/Fire      #######...   0%          5    #......
f - Iskenderun's Mystic   Conj           #######.     0%          4    None
g - Iskenderun's Battles  Conj/Chrm      #######.     1%          5    #......
h - Apportation           Tloc           ####......   1%          1    None
i - Blink                 Tloc           N/A          1%          2    None
j - Ring of Flames        Chrm/Fire      ######....   7%          7    ######.


Dungeon Overview and Level Annotations

Branches:
Dungeon (15/15)            Temple (0/1) D:6            Lair (8/8) D:8
  Swamp (4/4) Lair:5       Spider (4/4) Lair:5        Slime (0/6) Lair:8
    Orc (2/2) D:9             Elf (0/3) Orc:2        Vaults (1/5) D:14
 Depths (0/5) D:15

Altars:
Dithmenos
Elyvilon
Fedhas
Nemelex Xobeh
Okawaru
Pakellas
Qazlal
Ru
Sif Muna
Xom
The Shining One
Beogh

Shops:
D:6 *   D:12 (   Orc:2 =?(}   Vaults:1 ?

Annotations:
Vaults:1 Nikola


Innate Abilities, Weirdness & Mutations

You are resistant to torment.
Your stone body is resilient (AC +15).
You are immune to poison.
Your large and strong wings let you fly indefinitely.
You resist negative energy.
You are resistant to electric shocks.
You can survive without breathing.
You are immune to petrification.
You are immune to rotting.
Your body sometimes deteriorates upon taking damage.
[You are very clumsy. (Dex -4)]
[You are very dopey. (Int -4)]
[Your magical capacity is very low (-20% MP).]
[You frequently scream uncontrollably at your foes.]
[You are weak. (Str -2)]
[Potions and wands are poor at restoring your health.]
[You expend magic power (3 MP) to strengthen your wands.]


Message History

The thrashing horror closely misses you.
Sorry, you can't auto-travel out of here.
Evoke which item? (* to show all) (? for menu, Esc to quit)
Zapping:
G - a wand of heal wounds (2/9)
Press: ? - help, Shift-Dir - straight line, f - you You feel much better.
This wand has 1 charge left.
You are covered in liquid flames!
* * * LOW HITPOINT WARNING * * *
You block the thrashing horror's attack.
The thrashing horror tramples you but does no damage.
The balrug gestures at you.
The fireball explodes!
The fireball engulfs you!
* * * LOW HITPOINT WARNING * * *
The wretched star pulses with an eldritch light!
You feel clumsy.
The balrug twists and deforms.
The ufetubus twists and deforms.
The smoke demon twists and deforms.
The ufetubus twists and deforms.
The smoke demon gestures at you. Something smites you!
You die...

.......
#........
#........
#.........
#......... #
#........
#..####....#...#
#....@X........#
#..####23......#
# #*5...#..#
#.X......#
#........
#........#
#........# #
#5.#.....# #.
#.§......#


You could see a balrug, a thrashing horror, a smoke demon and an ufetubus.

Vanquished Creatures
  A profane servitor (Abyss:3)
  Jorgrun (Swamp:4)
  Rupert (Lair:8)
  Asterion (Spider:1)
  2 tentacled starspawn (Abyss:3)
  An azure jelly (Lair:8)
  4 thorn hunters
  4 emperor scorpions
  A ghost moth (Spider:4)
  A vault warden (Vaults:1)
  An orc warlord (Orc:2)
  An ophan (Abyss:3)
  The ghost of Puuhinen the Unseen, a journeyman OpAs of Okawaru (Swamp:2)
  A stone giant (Orc:2)
  The ghost of Krapule the Covert, a journeyman VSMo of Cheibriados (Spider:1)
  2 spark wasps
  4 vault guards
  Fannar (D:11)
  A fire dragon (D:15)
  8 entropy weavers
  28 hydras
  6 catoblepae
  5 ghost crabs
  5 centaur warriors
  15 alligators
  2 death knights
  9 death yaks (Lair:8)
  3 ogre magi
  2 tengu warriors
  Urug (D:14)
  A spriggan berserker (Swamp:4)
  A queen ant (Lair:1)
  4 thrashing horrors (Abyss:3)
  5 orc high priests (Orc:2)
  Sonja (D:12)
  The ghost of lorenzova the Covert, a journeyman SpEn of Dithmenos (D:11)
  A wretched star (Abyss:3)
  6 skeletal warriors
  A fire crab (Abyss:3)
  3 spriggan druids (Swamp:4)
  9 hill giants
  2 unseen horrors
  2 wizards (D:14)
  2 ironbrand convokers (Vaults:1)
  A lindwurm (Lair:5)
  4 swamp dragons
  A shambling mangrove (Swamp:4)
  2 necromancers (D:14)
  Pikel (D:6)
  20 orb spiders
  A shining eye (Lair:8)
  An anubis guard (shapeshifter) (D:15)
  6 orc sorcerers (Orc:2)
  2 deep elf magi
  4 griffons
  A hornet (shapeshifter) (D:12)
  38 wolf spiders
  A salamander (shapeshifter) (D:15)
  5 cyclopes
  9 orc knights
  2 manticores
  A worldbinder (Abyss:3)
  11 ugly things
  7 hornets
  4 moths of wrath
  A wolf spider (shapeshifter) (Abyss:3)
  6 elephants (Lair:8)
  5 black mambas
  An orange demon (Abyss:3)
  2 guardian serpents (D:14)
  2 vault sentinels (Vaults:1)
  6 torpor snails
  3 gargoyles
  A catoblepas zombie (Abyss:3)
  2 rime drakes
  10 komodo dragons
  26 spiny frogs
  13 demonic crawlers
  A yaktaur (D:14)
  A kobold demonologist (D:12)
  A tengu conjurer (D:14)
  2 freezing wraiths (D:14)
  A hellwing (Abyss:3)
  3 ancient zymes (Abyss:3)
  A polar bear (Lair:8)
  48 jumping spiders
  12 trolls
  Grinder (D:6)
  3 giant leeches
  A merfolk (D:15)
  39 slime creatures
  A queen bee (Lair:2)
  13 two-headed ogres
  29 blink frogs
  Prince Ribbit (D:9)
  12 raiju (Abyss:3)
  5 bog bodies
  4 small abominations (Abyss:3)
  A flying skull (Abyss:3)
  9 spriggans
  5 shadows
  A tarantella (shapeshifter) (Abyss:3)
  33 tarantellas
  2 wraiths
  104 redbacks
  3 wyverns
  68 yaks
  4 hogs (D:12)
  A basilisk (Lair:2)
  19 humans (D:14)
  4 neqoxecs (Abyss:3)
  10 hippogriffs
  25 vampire mosquitoes
  Menkaure (D:5)
  2 hungry ghosts
  7 large abominations (Abyss:3)
  21 swamp worms
  5 wargs
  3 insubstantial wisps
  21 soldier ants
  8 porcupines
  19 water moccasins
  13 swamp drakes
  60 orc warriors
  3 sky beasts
  2 ice beasts (D:9)
  33 ogres
  2 black bears
  2 slaves (D:5)
  4 necrophages
  13 wasps
  16 wolves
  27 centaurs
  16 crocodiles
  16 big kobolds (D:8)
  18 giant frogs
  A gnoll sergeant (D:6)
  6 scorpions
  36 killer bees
  10 wights
  4 electric eels
  A howler monkey (D:4)
  5 crimson imps
  2 giant frog zombies
  7 starcursed masses (Abyss:3)
  17 jellies
  2 quasits (Abyss:3)
  4 centaur zombies
  5 giant frog skeletons
  5 hounds
  33 orc wizards
  40 orc priests
  4 centaur skeletons
  8 iguanas
  30 worker ants
  Ijyb (D:2)
  Natasha (twice) (D:3)
  46 sheep
  A hound skeleton (D:10)
  Robin (D:3)
  A worker ant zombie (D:8)
  6 gnolls (D:6)
  83 river rats
  15 adders
  7 shadow imps
  A white imp (Abyss:3)
  An ufetubus (Abyss:3)
  3 oozes
  5 worms
  3 dart slugs
  6 giant geckos
  168 orcs
  3 ball pythons
  7 giant cockroaches
  14 hobgoblins
  7 jackals
  3 quokkas
  6 bats
  A giant gecko zombie (D:6)
  5 giant newts
  19 goblins
  16 kobolds
  5 rats
  12 bushes
  A butterfly (Lair:8)
  2 fungi
  A lurking horror (Abyss:3)
1805 creatures vanquished.

Vanquished Creatures (collateral kills)
  A starcursed mass (Abyss:3)
1 creature vanquished.

Vanquished Creatures (others)
  Kirke (D:12)
  An ancient zyme (Abyss:3)
  A redback (Spider:4)
  A human (D:12)
  A spatial vortex (Abyss:3)
  2 slaves (D:6)
  A swamp drake (Swamp:4)
  A centaur (D:6)
  2 small abominations (Abyss:3)
  A scorpion (D:6)
  An orc wizard (D:6)
  A gnoll (D:6)
  An adder (D:6)
  An ufetubus (Abyss:3)
  2 orcs (D:6)
  2 briar patches (Swamp:4)
  5 fire vortices
  32 fungi
  10 plants
  13 starspawn tentacles (Abyss:3)
  17 starspawn tentacle segments (Abyss:3)
97 creatures vanquished.

Grand Total: 1903 creatures vanquished

Notes
Turn   | Place    | Note
--------------------------------------------------------------
     0 | D:1      | hairmachine the Gargoyle Fire Elementalist began the quest for the Orb.
     0 | D:1      | Reached XP level 1. HP: 10/10 MP: 3/3
   305 | D:1      | Reached XP level 2. HP: 9/15 MP: 0/5
   335 | D:1      | Found a shimmering altar of Xom.
   520 | D:1      | Learned a level 2 spell: Throw Flame
   583 | D:1      | Reached skill level 2 in Conjurations
   799 | D:1      | Reached XP level 3. HP: 19/19 MP: 2/6
  1185 | D:2      | Noticed Ijyb
  1192 | D:2      | Killed Ijyb
  1192 | D:2      | Reached XP level 4. HP: 24/24 MP: 0/7
  1260 | D:2      | Learned a level 3 spell: Conjure Flame
  1334 | D:2      | Reached skill level 3 in Conjurations
  1584 | D:2      | Found a deep blue altar of Sif Muna.
  1584 | D:2      | Found an iron altar of Okawaru.
  1588 | D:2      | Became a worshipper of Sif Muna the Loreminder
  1606 | D:2      | Found a stormy altar of Qazlal.
  2720 | D:2      | Reached XP level 5. HP: 27/28 MP: 4/8
  2795 | D:3      | Found a sparkling altar of Nemelex Xobeh.
  2796 | D:3      | Found a white marble altar of Elyvilon.
  2796 | D:3      | Found a shadowy altar of Dithmenos.
  2903 | D:3      | Noticed Natasha
  2915 | D:3      | Killed Natasha
  2915 | D:3      | Reached skill level 4 in Conjurations
  3265 | D:3      | Found a glowing golden altar of the Shining One.
  3739 | D:3      | Reached skill level 5 in Fire Magic
  3739 | D:3      | Reached XP level 6. HP: 14/32 MP: 1/9
  4151 | D:3      | Noticed Natasha
  4159 | D:3      | Killed Natasha
  4337 | D:3      | Noticed Robin
  4522 | D:3      | Killed Robin
  4547 | D:3      | Reached * piety under Sif Muna
  4991 | D:2      | Learned a level 4 spell: Sticky Flame
  5411 | D:4      | Got an iridescent trident
  5651 | D:4      | Reached XP level 7. HP: 36/36 MP: 2/11
  5844 | D:4      | Reached skill level 5 in Conjurations
  6144 | D:4      | Found an oddly glowing altar of Pakellas.
  6431 | D:5      | Entered Level 5 of the Dungeon
  6633 | D:5      | Noticed Menkaure
  6988 | D:5      | Reached skill level 6 in Conjurations
  7112 | D:5      | Killed Menkaure
  7112 | D:5      | Reached ** piety under Sif Muna
  7112 | D:5      | Reached XP level 8. HP: 41/41 MP: 5/12
  8043 | D:5      | Reached skill level 7 in Conjurations
  8272 | D:6      | Found Hianwage's Assorted Antiques.
  8434 | D:6      | Reached *** piety under Sif Muna
  8491 | D:6      | Identified the +4 trident of Aclismiu {elec, rC- Str+3 Int+3 Dex+3} (You found it on level 4 of the Dungeon)
  8645 | D:6      | Reached skill level 8 in Conjurations
  8962 | D:6      | Learned a level 5 spell: Fireball
  9013 | D:6      | Reached XP level 9. HP: 45/45 MP: 10/15
  9396 | D:6      | Noticed Grinder
  9428 | D:6      | Killed Grinder
  9564 | D:6      | Reached **** piety under Sif Muna
  9564 | D:6      | Reached skill level 5 in Spellcasting
  9732 | D:6      | Reached skill level 9 in Conjurations
  9882 | D:6      | Learned a level 2 spell: Throw Frost
  9890 | D:6      | Found a sacrificial altar of Ru.
 10168 | D:6      | Noticed Pikel
 10470 | D:6      | Killed Pikel
 10470 | D:6      | Reached ***** piety under Sif Muna
 10520 | D:6      | Reached skill level 10 in Conjurations
 11406 | D:6      | Found a staircase to the Ecumenical Temple.
 11930 | D:7      | Reached XP level 10. HP: 50/50 MP: 20/20
 12165 | D:8      | Reached skill level 1 in Shields
 12503 | D:8      | Found a staircase to the Lair.
 12702 | D:8      | Reached skill level 11 in Conjurations
 12966 | D:8      | Found a blossoming altar of Fedhas.
 13150 | D:8      | Reached skill level 5 in Shields
 13625 | D:9      | Noticed Prince Ribbit
 13649 | Lair:1   | Entered Level 1 of the Lair of Beasts
 13802 | Lair:1   | Noticed a spiny frog
 13809 | Lair:1   | Noticed a spiny frog
 13810 | Lair:1   | Killed a spiny frog
 13825 | Lair:1   | Killed a spiny frog
 13825 | Lair:1   | Reached skill level 12 in Conjurations
 14098 | Lair:1   | Reached XP level 11. HP: 54/54 MP: 21/21
 14353 | Lair:1   | Noticed a queen ant
 14360 | Lair:1   | Killed a queen ant
 14360 | Lair:1   | Reached ****** piety under Sif Muna
 14360 | Lair:1   | Received a gift from Sif Muna
 14567 | Lair:1   | Learned a level 5 spell: Iskenderun's Battlesphere
 14660 | Lair:1   | Reached skill level 1 in Fighting
 14836 | Lair:1   | Learned a level 1 spell: Magic Dart
 15560 | Lair:1   | Reached skill level 1 in Charms
 16155 | Lair:1   | Reached skill level 13 in Conjurations
 16532 | Lair:1   | Learned a level 4 spell: Iskenderun's Mystic Blast
 16653 | Lair:2   | Reached skill level 1 in Armour
 17070 | Lair:1   | Reached skill level 5 in Fighting
 17070 | Lair:1   | Reached XP level 12. HP: 68/68 MP: 20/24
 17251 | Lair:2   | Noticed a four-headed hydra
 17652 | Lair:2   | Killed a four-headed hydra
 18043 | Lair:2   | Noticed a four-headed hydra
 18050 | Lair:2   | Killed a four-headed hydra
 18577 | Lair:3   | Reached skill level 5 in Armour
 18935 | Lair:3   | Noticed a seven-headed hydra
 18940 | Lair:3   | Killed a seven-headed hydra
 19211 | Lair:3   | Got a bloodstained leather armour
 19237 | Lair:3   | Identified the +3 leather armour "Yprod" {rPois rC+ Int+6} (You found it on level 3 of the Lair of Beasts)
 19869 | Lair:4   | Found a dark tunnel.
 20308 | Lair:5   | Noticed a seven-headed hydra
 20314 | Lair:5   | Killed a seven-headed hydra
 20316 | Lair:5   | Noticed an eight-headed hydra
 20326 | Lair:5   | Killed an eight-headed hydra
 20326 | Lair:5   | Received a gift from Sif Muna
 20453 | Lair:5   | Learned a level 9 spell: Fire Storm
 20604 | Lair:5   | Found a staircase to the Swamp.
 20620 | Lair:5   | Reached XP level 13. HP: 75/75 MP: 26/26
 21095 | Lair:5   | Found a hole to the Spider Nest.
 21903 | Lair:6   | Reached skill level 10 in Spellcasting
 22334 | Lair:6   | Reached skill level 10 in Fire Magic
 22349 | Lair:6   | Identified a scroll of acquirement
 22399 | Lair:6   | Found a runed door.
 22629 | Lair:6   | Received a gift from Sif Muna
 22630 | Lair:6   | Identified Sif Muna's Incunabulum of Sinister Secrets and the Arsonist (Sif Muna gifted it to you on level 6 of the Lair of Beasts)
 24216 | Lair:7   | Got a slimy ring mail
 24270 | Lair:7   | Identified the cursed +1 ring mail of Limited Liability {Regen+} (You found it on level 7 of the Lair of Beasts)
 24546 | Lair:7   | Learned a level 6 spell: Bolt of Fire
 24604 | Lair:7   | Reached skill level 14 in Conjurations
 24846 | Lair:8   | Entered Level 8 of the Lair of Beasts
 25052 | Lair:8   | Gained mutation: Your large and strong wings let you fly indefinitely. [Gargoyle growth]
 25052 | Lair:8   | Reached XP level 14. HP: 80/80 MP: 29/29
 25533 | Lair:8   | Received a gift from Sif Muna
 25534 | Lair:8   | Identified Sif Muna's Compendium of the Supportive Rocks (Sif Muna gifted it to you on level 8 of the Lair of Beasts)
 25537 | Lair:8   | Learned a level 1 spell: Apportation
 25861 | Lair:8   | Noticed an azure jelly
 25866 | Lair:8   | Killed an azure jelly
 25985 | Lair:8   | Got a pair of steaming boots
 25991 | Lair:8   | Identified the +1 pair of boots of Xopuf {Dex+4} (You found it on level 8 of the Lair of Beasts)
 26075 | Lair:8   | Found a shadowy altar of Dithmenos.
 26334 | Lair:8   | Reached skill level 15 in Conjurations
 26355 | Lair:8   | Found a staircase to the Slime Pits.
 26414 | Lair:8   | Noticed Rupert
 26419 | Lair:8   | Killed Rupert
 26999 | Lair:7   | Received a gift from Sif Muna
 27869 | Lair:8   | Reached skill level 16 in Conjurations
 27925 | Lair:8   | Reached XP level 15. HP: 82/84 MP: 30/30
 28565 | D:9      | Killed Prince Ribbit
 28580 | D:9      | Found a staircase to the Orcish Mines.
 28767 | Orc:1    | Entered Level 1 of the Orcish Mines
 29684 | Orc:1    | Found a roughly hewn altar of Beogh.
 30033 | Orc:2    | Entered Level 2 of the Orcish Mines
 30439 | Orc:2    | Received a gift from Sif Muna
 30446 | Orc:2    | Identified Sif Muna's Disquisition on Torrid Translocation (Sif Muna gifted it to you on level 2 of the Orcish Mines)
 30719 | Orc:2    | Found Uvuwecuh's Gadget Shop.
 30724 | Orc:2    | Bought a wand of heal wounds (6/9) for 780 gold pieces
 30740 | Orc:2    | Found Tisoq's Weapon Boutique.
 30789 | Orc:2    | Found a roughly hewn altar of Beogh.
 31590 | Orc:2    | Found a staircase to the Elven Halls.
 31825 | Orc:2    | Noticed an orc warlord
 31828 | Orc:2    | Killed an orc warlord
 31908 | Orc:2    | Found a roughly hewn altar of Beogh.
 32086 | Orc:2    | Found Luhicig's Jewellery Boutique.
 32349 | Orc:2    | Found Saadd's Magic Scroll Emporium.
 32398 | Orc:2    | Bought a scroll of teleportation for 42 gold pieces
 32398 | Orc:2    | Bought a scroll of teleportation for 42 gold pieces
 32398 | Orc:2    | Bought a scroll of enchant armour for 105 gold pieces
 32398 | Orc:2    | Bought a scroll of identify for 28 gold pieces
 32398 | Orc:2    | Bought a scroll of identify for 28 gold pieces
 32398 | Orc:2    | Bought a scroll of teleportation for 42 gold pieces
 32897 | Orc:2    | Reached skill level 17 in Conjurations
 33059 | Orc:2    | Received a gift from Sif Muna
 33135 | Orc:2    | Learned a level 2 spell: Blink
 33198 | D:10     | Entered Level 10 of the Dungeon
 33399 | D:10     | Reached skill level 1 in Translocations
 34393 | D:11     | Noticed Fannar
 34399 | D:11     | Killed Fannar
 35065 | D:11     | Found a sparkling altar of Nemelex Xobeh.
 35079 | D:11     | Reached XP level 16. HP: 90/90 MP: 27/32
 35719 | D:11     | Noticed lorenzova's ghost (journeyman SpEn)
 35720 | D:11     | Killed lorenzova's ghost
 36183 | D:12     | Noticed Kirke
 36201 | D:12     | Killed Kirke
 36201 | D:12     | Reached skill level 15 in Fire Magic
 36675 | D:12     | Noticed Sonja
 36677 | D:12     | Killed Sonja
 36958 | D:12     | Found Uxenlao's Weapon Emporium.
 36958 | D:12     | Found a blossoming altar of Fedhas.
 37417 | D:13     | Received a gift from Sif Muna
 37629 | D:13     | Identified Sif Muna's Papyrus of Creative Stolen Souls (Sif Muna gifted it to you on level 13 of the Dungeon)
 39449 | D:14     | Reached skill level 18 in Conjurations
 39597 | D:14     | Noticed Urug
 39604 | D:14     | Killed Urug
 40686 | D:14     | Paralysed by a wizard for 6 turns
 40980 | D:14     | Received a gift from Sif Muna
 40993 | D:14     | Identified Sif Muna's Disquisition on Boosting Displacement (Sif Muna gifted it to you on level 14 of the Dungeon)
 41031 | D:14     | Reached XP level 17. HP: 71/94 MP: 23/34
 41215 | D:14     | Found a gate to the Vaults.
 41764 | D:15     | Entered Level 15 of the Dungeon
 42970 | D:15     | Found a staircase to the Depths.
 43596 | Swamp:1  | Entered Level 1 of the Swamp
 44636 | Swamp:2  | Noticed Puuhinen's ghost (journeyman OpAs)
 44947 | Swamp:2  | Received a gift from Sif Muna
 44948 | Swamp:2  | Identified Sif Muna's Tome of Shape Shifting and Arcane Weapons (Sif Muna gifted it to you on level 2 of the Swamp)
 45919 | Swamp:2  | Reached skill level 19 in Conjurations
 45953 | Swamp:2  | Learned a level 7 spell: Ring of Flames
 46002 | Swamp:2  | Killed Puuhinen's ghost
 46705 | Swamp:3  | Identified Sif Muna's Volume of Creative Flames
 47553 | Swamp:4  | Entered Level 4 of the Swamp
 47893 | Swamp:4  | Noticed Jorgrun
 47900 | Swamp:4  | Killed Jorgrun
 48137 | Swamp:4  | Received a gift from Sif Muna
 48165 | Swamp:4  | Reached XP level 18. HP: 100/100 MP: 35/36
 48368 | Swamp:4  | Reached skill level 5 in Charms
 49710 | Swamp:4  | Got a decaying rune of Zot
 50565 | Spider:1 | Entered Level 1 of the Spider Nest
 50567 | Spider:1 | Received a gift from Sif Muna
 50569 | Spider:1 | Reached skill level 20 in Conjurations
 50581 | Spider:1 | Identified Dabemaon's Papyrus of Darkness and Heat (Sif Muna gifted it to you on level 1 of the Spider Nest)
 51174 | Spider:1 | Noticed Krapule's ghost (journeyman VSMo)
 51228 | Spider:1 | Killed Krapule's ghost
 52692 | Spider:2 | Noticed Asterion
 52709 | Spider:1 | Killed Asterion
 53515 | Spider:2 | Received a gift from Sif Muna
 53515 | Spider:2 | Reached XP level 19. HP: 103/104 MP: 31/37
 53846 | Spider:2 | Identified Sif Muna's Reference Book on Mutagenic Damage Dealing (Sif Muna gifted it to you on level 2 of the Spider Nest)
 55205 | Spider:3 | Reached skill level 21 in Conjurations
 56202 | Spider:4 | Entered Level 4 of the Spider Nest
 56716 | Spider:4 | Received a gift from Sif Muna
 56721 | Spider:4 | Identified Sif Muna's Collected Works on Supportive Arcane Weapons (Sif Muna gifted it to you on level 4 of the Spider Nest)
 57784 | Spider:3 | Identified a +3 rod of shadows (12/12) (You found it on level 4 of the Spider Nest)
 58817 | Spider:4 | Got a gossamer rune of Zot
 59595 | Vaults:1 | Entered Level 1 of the Vaults
 59600 | Vaults:1 | Found Qolew's Magic Scroll Shoppe.
 59602 | Vaults:1 | Bought a scroll of magic mapping for 59 gold pieces
 59602 | Vaults:1 | Bought a scroll of teleportation for 51 gold pieces
 59602 | Vaults:1 | Bought a scroll of identify for 34 gold pieces
 59602 | Vaults:1 | Bought a scroll of identify for 34 gold pieces
 60057 | Vaults:1 | Reached XP level 20. HP: 72/109 MP: 38/38
 60073 | Vaults:1 | Received a gift from Sif Muna
 60130 | Vaults:1 | Noticed Nikola
 60472 | Vaults:1 | Cast into level 3 of the Abyss (an ogre mage)
 60481 | Abyss:3  | Paralysed by accursed screaming for 1 turns
 60528 | Abyss:3  | Gained mutation: [You are dopey. (Int -2)] [a neqoxec]
 60548 | Abyss:3  | Reached skill level 22 in Conjurations
 60618 | Abyss:3  | Noticed a lich
 61088 | Abyss:3  | Gained mutation: [You are clumsy. (Dex -2)] [a neqoxec]
 61089 | Abyss:3  | Gained mutation: Your body sometimes deteriorates upon taking damage. [a neqoxec]
 61122 | Abyss:3  | Noticed a profane servitor
 61150 | Abyss:3  | Killed a profane servitor
 61229 | Abyss:3  | Paralysed by accursed screaming for 1 turns
 61246 | Abyss:3  | Found a corrupted altar of Lugonu.
 61332 | Abyss:3  | Noticed a bone dragon
 61491 | Abyss:3  | Noticed a bone dragon
 61854 | Abyss:3  | Found a radiant altar of Vehumet.
 61960 | Abyss:3  | Killed from afar by a smoke demon

Skill      XL: |  1  2  3  4  5  6  7  8  9 10 11 12 13 14 15 16 17 18 19 20 |
---------------+-------------------------------------------------------------+-----
Conjurations   | 2 3 4 6 8 10 12 13 14 16 17 18 19 20 21 22 | 22.3
Fire Magic     | 4 5 6 7 9 11 13 14 15 16 18 19 20 | 20.1
Spellcasting   | 3 4 6 8 9 11 12 13 14 | 14.0
Shields        | 6 7 |  7.3
Fighting       | 5 6 |  6.5
Charms         | 2 3 4 5 |  5.0
Armour         | 2 5 |  5.4
Translocations | 1 |  1.9
Dodging        | |  1.5
Stealth        | |  2.1

Action                   |  1- 3 |  4- 6 |  7- 9 | 10-12 | 13-15 | 16-18 | 19-21 || total
-------------------------+-------+-------+-------+-------+-------+-------+-------++-------
Melee: Unarmed           |     8 |       |       |       |       |       |       ||     8
       Club              |       |     9 |    36 |       |       |       |       ||    45
       Mace              |       |     3 |   121 |       |       |       |       ||   124
       Trident           |       |       |    47 |       |       |       |       ||    47
       Staff             |       |       |       |    48 |    19 |    42 |    35 ||   144
 Cast: Flame Tongue      |    41 |   155 |   174 |    59 |       |       |       ||   429
       Throw Flame       |     1 |    31 |    54 |    80 |       |       |       ||   166
       Conjure Flame     |       |     7 |    21 |     2 |       |       |       ||    30
       Sticky Flame      |       |       |    20 |   106 |   100 |   138 |    33 ||   397
       Throw Frost       |       |       |     9 |     1 |       |       |       ||    10
       Fireball          |       |       |       |    48 |    74 |    30 |    10 ||   162
       Magic Dart        |       |       |       |   170 |   533 |   544 |   318 ||  1565
       Iskenderun's Batt |       |       |       |    60 |   160 |   141 |    70 ||   431
       Iskenderun's Myst |       |       |       |     4 |    58 |   194 |    94 ||   350
       Bolt of Fire      |       |       |       |       |    80 |   186 |   108 ||   374
       Blink             |       |       |       |       |       |     2 |       ||     2
       Apportation       |       |       |       |       |       |     2 |    10 ||    12
       Ring of Flames    |       |       |       |       |       |       |    19 ||    19
       Fire Storm        |       |       |       |       |       |       |     3 ||     3
Invok: Channel Energy    |       |       |       |    20 |     6 |     5 |    16 ||    47
       Forget Spell      |       |       |       |     3 |       |       |       ||     3
 Abil: Fly               |       |       |       |       |     1 |       |       ||     1
Evoke: Wand              |       |       |     3 |       |       |       |    35 ||    38
       Rod               |       |       |       |       |       |       |     2 ||     2
  Use: Scroll            |       |     8 |     4 |     3 |    17 |     9 |    15 ||    56
       Potion            |       |       |       |       |       |     8 |     6 ||    14
  Eat: Chunk             |     2 |    21 |    33 |    64 |    87 |    83 |    34 ||   324
       Royal jelly       |       |       |       |       |       |       |     3 ||     3
       Fruit             |       |       |       |       |       |       |     2 ||     2
Armor: Robe              |     2 |    21 |       |       |       |       |       ||    23
       Leather armour    |       |     1 |   173 |   185 |    95 |   294 |   479 ||  1227
Dodge: Dodged            |    19 |    20 |   175 |   179 |    79 |   171 |   282 ||   925
Block: Buckler           |       |       |       |    94 |    57 |   147 |   239 ||   537
